 Dungeon Crawl Stone Soup version 0.14-a0-629-g748cab2 (webtiles) character file.

38 Malachi the Insei (level 2, -1/23 HPs)
             Began as a Draconian Transmuter on Nov 5, 2013.
             Slain by a goblin
             ... wielding a +1,+2 dagger of protection
              (5 damage)
             ... on Level 1 of the Dungeon.
             The game lasted 00:01:05 (765 turns).

Malachi the Ruffian (Draconian Transmuter)           Turns: 765, Time: 00:01:06

HP  -1/23        AC  4     Str 12      XL: 2   Next: 34%
MP   2/3         EV 12     Int 13      God:
Gold 23          SH  0     Dex 13      Spells:  1 memorised,  4 levels left

Res.Fire  : . . .   See Invis. : .     - Unarmed
Res.Cold  : . . .   Warding    : +   (armour unavailable)
Life Prot.: + + .   Conserve   : .   (no shield)
Res.Poison: .       Res.Corr.  : .   (helmet restricted)
Res.Elec. : .       Clarity    : .   (no cloak)
Sust.Abil.: . .     Spirit.Shd : .   (no gloves)
Res.Mut.  : .       Stasis     : .   (boots unavailable)
Res.Rott. : .       Flight     : .   g - amulet of warding
Saprovore : . . .                    i - ring of positive energy {unknown}
                                     f - +2 ring of dexterity

@: appendage, not resistant to hostile enchantments, unstealthy
A: unfitting armour, talons 3, AC +4
a: End Transformation


You were on level 1 of the Dungeon.
You were not hungry.
You had grown temporary talons.
You visited 1 branch of the dungeon, and saw 1 of its levels.

You collected 23 gold pieces.

Inventory:

Missiles
 b - 12 arrows
Comestibles
 a - a bread ration
 c - an apple
 j - a chunk of rat flesh
Scrolls
 e - 3 scrolls of identify
Jewellery
 f - a +2 ring of dexterity (left hand)
 g - an amulet of warding (around neck)
 i - a ring of positive energy (right hand) {unknown}
Potions
 h - a potion of speed {unknown}
 k - a potion of restore abilities {unknown}
Books
 d - a book of Changes

   Spells                             Type                      Level
   *Beastly Appendage                 Transmutation                1
   Sticks to Snakes                   Transmutation                2
   Spider Form                        Transmutation/Poison         3
   Ice Form                           Ice/Transmutation            4
   Blade Hands                        Transmutation                5


   Skills:
 + Level 1.3 Fighting
 + Level 2.0 Dodging
 * Level 3.4 Unarmed Combat
 + Level 2.0 Spellcasting
 + Level 2.0 Transmutations


You had 4 spell levels left.
You knew the following spells:

 Your Spells              Type           Power        Failure   Level  Hunger
a - Beastly Appendage     Trmt           #.....       12%         1    ##.....


Dungeon Overview and Level Annotations

Branches:
Dungeon (1/27)

Altars:


Innate Abilities, Weirdness & Mutations

Your plain brown scales are hard (AC +4).
Your body does not fit into most forms of armour.
Your cold-blooded metabolism reacts poorly to cold.
You have claws for feet.


Message History

You hit the goblin but do no damage. The goblin closely misses you.
You closely miss the goblin.
The goblin hits you with a glowing dagger.
You closely miss the goblin.
The goblin hits you with a glowing dagger.
You closely miss the goblin.
The goblin hits you with a glowing dagger.
* * * LOW HITPOINT WARNING * * *
You are too injured to fight recklessly!
The goblin hits you with a glowing dagger.
* * * LOW HITPOINT WARNING * * *
You see here a spear.
The goblin closely misses you.
Casting: Beastly Appendage
Confirm with . or Enter, or press ? or * to list all spells.
Your feet morph into talons.
The goblin hits you but does no damage.
You miss the goblin. The goblin barely misses you.
You hit the goblin but do no damage. You claw the goblin, but do no damage.
The goblin hits you with a glowing dagger.
You die...

### #... ############
#...######....##....#
....).......).......#
#####...##....#g....#
#...#######.@.######
#..................#
##...########.##...#
#...# #.# ...# ....#
#.# #.## ...## #.#
#.# #...# #.# #.###
#.## #.###...# ....#
##.#.....#


You could see a goblin.

Vanquished Creatures
  A giant gecko (D:1)
  An ooze (D:1)
  2 goblins (D:1)
  A hobgoblin (D:1)
  2 jackals (D:1)
  A bat (D:1)
  3 kobolds (D:1)
  A rat (D:1)
12 creatures vanquished.

Notes
Turn   | Place    | Note
--------------------------------------------------------------
     0 | D:1      | Malachi, the Draconian Transmuter, began the quest for the Orb.
     0 | D:1      | Reached XP level 1. HP: 16/16 MP: 1/1
   416 | D:1      | Reached XP level 2. HP: 14/23 MP: 0/3
   765 | D:1      | Slain by a goblin

Action                   || total
-------------------------++-------
Melee: Unarmed           ||    62
 Cast: Beastly Appendage ||     2
  Use: Scroll            ||     3
